| TOP OF THE 1ST |
|
San Antonio Missions batting - Pitching for El Paso Chihuahuas : RHP Alejandro Pena
|
|
Pitching: RHP Alejandro Pena
|
|
|
Batting: LHB John Elway
|
0-0: Ball 1-0: Ball 2-0: Called Strike 2-1: Swinging Strike 2-2: Ball 3-2: Strikes out looking
|
|
Batting: RHB Amos Lewis
|
0-0: Ball 1-0: SINGLE (Groundball, 56D, EV 93.8 MPH)
|
|
Batting: LHB Jerold Johnston
|
0-0: Ball 1-0: Called Strike 1-1: Called Strike 1-2: Ball 2-2: Ball Wild Pitch! Amos Lewis to second 3-2: Base on Balls
|
|
Batting: RHB Ed Hearn
|
0-0: Grounds into double play, 4-6-3 (Groundball, 4M, EV 83.1 MPH)
|
| Top of the 1st over - 0 runs, 1 hit, 0 errors, 1 left on base; San Antonio 0 - El Paso 0 |
| BOTTOM OF THE 1ST |
|
El Paso Chihuahuas batting - Pitching for San Antonio Missions : RHP Françisco Chara
|
|
Pitching: RHP Françisco Chara
|
|
|
Batting: LHB Andy Van Slyke
|
0-0: Ball 1-0: Foul Ball, location: 2F 1-1: Ball 2-1: Called Strike 2-2: Strikes out swinging
|
|
Batting: RHB Julio Acevedo
|
0-0: Ball 1-0: Foul Ball, location: 2F 1-1: Called Strike 1-2: Fly out, F7 (Flyball, 78M, EV 88.8 MPH)
|
|
Batting: RHB Jesse Vann
|
0-0: Ball 1-0: Foul Ball, location: 2F 1-1: SINGLE (Flyball, 4MD, EV 92.5 MPH)
|
|
Batting: LHB Jerry Littmann
|
0-0: Called Strike 0-1: Ball 1-1: Foul Ball, location: 2F 1-2: Ball 2-2: Strikes out looking
|
| Bottom of the 1st over - 0 runs, 1 hit, 0 errors, 1 left on base; San Antonio 0 - El Paso 0 |
| TOP OF THE 2ND |
|
San Antonio Missions batting - Pitching for El Paso Chihuahuas : RHP Alejandro Pena
|
|
Batting: RHB Andrew Walker
|
0-0: Ball 1-0: Called Strike 1-1: Ball 2-1: Ball 3-1: Base on Balls
|
|
Pitching: RHP Tom Smith
|
|
|
Batting: LHB John D Morris
|
0-0: Ball 1-0: Called Strike 1-1: Ball 2-1: Ball 3-1: Base on Balls Andrew Walker to second
|
|
Batting: RHB Larry Hamilton
|
0-0: Ball 1-0: Ball 2-0: Called Strike 2-1: Ball 3-1: Swinging Strike 3-2: SINGLE (Flyball, 34D, EV 98.1 MPH) Andrew Walker to third John D Morris to second
|
|
Batting: RHB Leo Hernandez
|
0-0: Ball Passed Ball! Andrew Walker scores John D Morris to third Larry Hamilton to second 1-0: Foul Ball, location: 2F 1-1: Foul Ball, location: 2F 1-2: Fly out, F6 (Popup, 56D, EV 68.8 MPH)
|
|
Batting: RHB Houston Jimenez
|
0-0: Called Strike 0-1: Foul Ball, location: 2F 0-2: TRIPLE (Flyball, 78XD, EV 100.0 MPH) John D Morris scores Larry Hamilton scores
|
|
Batting: LHB John Elway
|
0-0: Ball 1-0: Swinging Strike 1-1: SINGLE (Groundball, 34D, EV 95.0 MPH) Houston Jimenez scores
|
|
Batting: RHB Amos Lewis
|
0-0: Called Strike 0-1: Called Strike 0-2: Foul Ball, location: 2F 0-2: Ball 1-2: SINGLE (Flyball, 5D, EV 98.8 MPH) John Elway to second
|
|
Batting: LHB Jerold Johnston
|
0-0: Ball 1-0: Ball 2-0: Called Strike 2-1: Ball 3-1: Base on Balls John Elway to third Amos Lewis to second
|
|
Batting: RHB Ed Hearn
|
0-0: Called Strike 0-1: Grounds into double play, 6-4-3 (Groundball, 6, EV 85.6 MPH)
|
| Top of the 2nd over - 4 runs, 4 hits, 0 errors, 2 left on base; San Antonio 4 - El Paso 0 |
| BOTTOM OF THE 2ND |
|
El Paso Chihuahuas batting - Pitching for San Antonio Missions : RHP Françisco Chara
|
|
Batting: RHB Bill Lyons
|
0-0: Swinging Strike 0-1: Ball 1-1: Called Strike 1-2: Strikes out swinging
|
|
Batting: LHB Dan Murphy
|
0-0: Fly out, F9 (Flyball, 9, EV 95.6 MPH)
|
|
Batting: RHB Tom Roarke
|
0-0: Swinging Strike 0-1: Foul Ball, location: 2F 0-2: Strikes out swinging
|
| Bottom of the 2nd over - 0 runs, 0 hits, 0 errors, 0 left on base; San Antonio 4 - El Paso 0 |
| TOP OF THE 3RD |
|
San Antonio Missions batting - Pitching for El Paso Chihuahuas : RHP Tom Smith
|
|
Batting: RHB Andrew Walker
|
0-0: Ball 1-0: Ball 2-0: Called Strike 2-1: Reached on error, E4 (Groundball, 4, EV 106.9 MPH)
|
|
Batting: LHB John D Morris
|
0-0: Ball 1-0: Ball 2-0: Ball 3-0: Base on Balls
|
|
Batting: RHB Larry Hamilton
|
0-0: Ball 1-0: Called Strike 1-1: Swinging Strike 1-2: Ball 2-2: Foul Ball, location: 2F 2-2: Foul Ball, location: 2F 2-2: Ball 3-2: Base on Balls Andrew Walker to third John D Morris to second
|
|
Batting: RHB Leo Hernandez
|
0-0: Ball 1-0: Fly out, F4 (Flyball, 4D, EV 90.0 MPH)
|
|
Batting: RHB Houston Jimenez
|
0-0: Ball 1-0: Swinging Strike 1-1: Ball 2-1: Foul Ball, location: 2F 2-2: Ball 3-2: Base on Balls Andrew Walker scores John D Morris to third Larry Hamilton to second
|
|
Batting: LHB John Elway
|
0-0: Ball 1-0: SINGLE (Line Drive, 8LS, EV 90.0 MPH) John D Morris scores Larry Hamilton to third Houston Jimenez to second
|
|
Batting: RHB Amos Lewis
|
0-0: Called Strike 0-1: Ball 1-1: Called Strike 1-2: Strikes out swinging
|
|
Pitching: RHP Rick DeLoach
|
|
|
Batting: LHB Jerold Johnston
|
0-0: Ball 1-0: Swinging Strike 1-1: Ball 2-1: Ball 3-1: Called Strike 3-2: Fly out, F9 (Flyball, 9S, EV 95.6 MPH)
|
| Top of the 3rd over - 2 runs, 1 hit, 1 error, 3 left on base; San Antonio 6 - El Paso 0 |
| BOTTOM OF THE 3RD |
|
El Paso Chihuahuas batting - Pitching for San Antonio Missions : RHP Françisco Chara
|
|
Batting: RHB Leo George
|
0-0: Ball 1-0: Ball 2-0: Ball 3-0: Called Strike 3-1: Base on Balls
|
|
Batting: RHB William Parmenter
|
0-0: Called Strike 0-1: Called Strike 0-2: Fly out, F3 (Popup, 3F, EV 75.6 MPH)
|
|
Batting: LHB Andy Van Slyke
|
0-0: Ball 1-0: Fly out, F8 (Line Drive, 8RM, EV 93.1 MPH)
|
|
Batting: RHB Julio Acevedo
|
0-0: Ball Leo George steals 2nd base 1-0: Ground out 6-3 (Groundball, 6M, EV 98.1 MPH)
|
| Bottom of the 3rd over - 0 runs, 0 hits, 0 errors, 1 left on base; San Antonio 6 - El Paso 0 |
| TOP OF THE 4TH |
|
San Antonio Missions batting - Pitching for El Paso Chihuahuas : RHP Rick DeLoach
|
|
Batting: RHB Ed Hearn
|
0-0: Ball 1-0: Called Strike 1-1: Ground out 5-3 (Groundball, 5L, EV 85.6 MPH)
|
|
Batting: RHB Andrew Walker
|
0-0: Ball 1-0: Ball 2-0: Foul Ball, location: 2F 2-1: Ball 3-1: Ground out 5-3 (Groundball, 5, EV 100.0 MPH)
|
|
Batting: LHB John D Morris
|
0-0: Ball 1-0: Ball 2-0: Ball 3-0: Base on Balls
|
|
Batting: RHB Larry Hamilton
|
0-0: SINGLE (Groundball, 6MD, EV 100.6 MPH) John D Morris to second Runner from 2nd tries for 3rd, SAFE, throw by CF made to third
|
|
Batting: RHB Leo Hernandez
|
0-0: Ball 1-0: Ball 2-0: SINGLE (Groundball, 34D, EV 105.0 MPH) John D Morris scores Larry Hamilton to second Runner from 2nd tries for 3rd, SAFE, no throw by RF
|
|
Batting: RHB Houston Jimenez
|
0-0: Called Strike 0-1: Ball Wild Pitch! Larry Hamilton scores Leo Hernandez to second 1-1: Ball 2-1: Fly out, F7 (Flyball, 78M, EV 82.5 MPH)
|
| Top of the 4th over - 2 runs, 2 hits, 0 errors, 1 left on base; San Antonio 8 - El Paso 0 |
| BOTTOM OF THE 4TH |
|
El Paso Chihuahuas batting - Pitching for San Antonio Missions : RHP Françisco Chara
|
|
Batting: RHB Jesse Vann
|
0-0: Swinging Strike 0-1: Called Strike 0-2: Ball 1-2: SINGLE (Groundball, 34D, EV 95.0 MPH)
|
|
Batting: LHB Jerry Littmann
|
0-0: Ball 1-0: Foul Ball, location: 2F 1-1: Called Strike 1-2: Ball 2-2: Foul Ball, location: 2F 2-2: Ball Passed Ball! Jesse Vann to second 3-2: Strikes out looking
|
|
Batting: RHB Bill Lyons
|
0-0: Called Strike 0-1: Ball 1-1: 2-RUN HOME RUN (Flyball, 7D, EV 91.9 MPH), Distance : 389 ft
|
|
Batting: LHB Dan Murphy
|
0-0: Called Strike 0-1: DOUBLE (Line Drive, 78D, EV 105.6 MPH)
|
|
Batting: RHB Tom Roarke
|
0-0: Ball 1-0: Called Strike 1-1: Foul Ball, location: 2F 1-2: Ball 2-2: Strikes out swinging
|
|
Batting: RHB Leo George
|
0-0: Called Strike 0-1: Ball 1-1: SINGLE (Line Drive, 89M, EV 100.6 MPH) Dan Murphy to third Runner from 3rd tries for Home, SAFE, throw by CF to home
|
|
Batting: RHB William Parmenter
|
0-0: Ball 1-0: Ball 2-0: Called Strike 2-1: Foul Ball, location: 2F 2-2: Foul Ball, location: 2F 2-2: Strikes out swinging
|
| Bottom of the 4th over - 3 runs, 4 hits, 0 errors, 1 left on base; San Antonio 8 - El Paso 3 |
| TOP OF THE 5TH |
|
San Antonio Missions batting - Pitching for El Paso Chihuahuas : RHP Rick DeLoach
|
|
Batting: LHB John Elway
|
0-0: Ball 1-0: Ball 2-0: Fly out, F8 (Flyball, 8RD, EV 100.0 MPH)
|
|
Batting: RHB Amos Lewis
|
0-0: Fly out, F4 (Popup, 34, EV 64.4 MPH)
|
|
Batting: LHB Jerold Johnston
|
0-0: Ball 1-0: Fly out, F7 (Flyball, 7, EV 81.9 MPH)
|
| Top of the 5th over - 0 runs, 0 hits, 0 errors, 0 left on base; San Antonio 8 - El Paso 3 |
| BOTTOM OF THE 5TH |
|
El Paso Chihuahuas batting - Pitching for San Antonio Missions : RHP Françisco Chara
|
|
Batting: LHB Andy Van Slyke
|
0-0: Ball 1-0: Swinging Strike 1-1: Ball 2-1: Ground out 5-3 (Groundball, 5, EV 82.5 MPH)
|
|
Batting: RHB Julio Acevedo
|
0-0: Called Strike 0-1: Ball 1-1: Reached on error, E2 (Groundball, 13S, EV 63.8 MPH)
|
|
Batting: RHB Jesse Vann
|
0-0: Ball Julio Acevedo steals 2nd base 1-0: Ball 2-0: Called Strike Julio Acevedo steals 3rd base (no throw) 2-1: Ball 3-1: Called Strike 3-2: Ground out 6-3 (Groundball, 6, EV 108.1 MPH) Julio Acevedo scores
|
|
Batting: LHB Jerry Littmann
|
0-0: Ball 1-0: Ball 2-0: Called Strike 2-1: Ball 3-1: Base on Balls
|
|
Batting: RHB Bill Lyons
|
0-0: Reached on error, E8 (Flyball, 8RM, EV 96.3 MPH) Jerry Littmann to third
|
|
Batting: LHB Dan Murphy
|
0-0: Called Strike 0-1: Called Strike 0-2: Strikes out looking
|
| Bottom of the 5th over - 1 run, 0 hits, 2 errors, 2 left on base; San Antonio 8 - El Paso 4 |
| TOP OF THE 6TH |
|
San Antonio Missions batting - Pitching for El Paso Chihuahuas : RHP Rick DeLoach
|
|
Batting: RHB Ed Hearn
|
0-0: Called Strike 0-1: Fly out, F4 (Popup, 34D, EV 46.3 MPH)
|
|
Batting: RHB Andrew Walker
|
0-0: Ground out U3 (Groundball, 34, EV 85.6 MPH)
|
|
Batting: LHB John D Morris
|
0-0: Ball 1-0: Fly out, F5 (Popup, 5F, EV 75.6 MPH)
|
| Top of the 6th over - 0 runs, 0 hits, 0 errors, 0 left on base; San Antonio 8 - El Paso 4 |
| BOTTOM OF THE 6TH |
|
El Paso Chihuahuas batting - Pitching for San Antonio Missions : RHP Françisco Chara
|
|
Batting: RHB Tom Roarke
|
0-0: Ball 1-0: Ball 2-0: Called Strike 2-1: SINGLE (Flyball, 34D, EV 88.1 MPH)
|
|
Batting: RHB Leo George
|
0-0: Called Strike 0-1: Ball 1-1: Ball 2-1: Called Strike 2-2: Foul Ball, location: 2F 2-2: Strikes out swinging
|
|
Batting: RHB William Parmenter
|
0-0: Foul Ball, location: 2F 0-1: Reached on error, E5 (Groundball, 56, EV 85.6 MPH) Tom Roarke to second
|
|
Batting: LHB Andy Van Slyke
|
0-0: Ball 1-0: Called Strike 1-1: Foul Ball, location: 2F 1-2: Fly out, F7 (Flyball, 7LM, EV 86.3 MPH)
|
|
Batting: RHB Julio Acevedo
|
0-0: Foul Ball, location: 2F 0-1: Ball 1-1: Foul Ball, location: 2F 1-2: Foul Ball, location: 2F 1-2: Foul Ball, location: 2F 1-2: Strikes out looking
|
| Bottom of the 6th over - 0 runs, 1 hit, 1 error, 2 left on base; San Antonio 8 - El Paso 4 |
| TOP OF THE 7TH |
|
San Antonio Missions batting - Pitching for El Paso Chihuahuas : RHP Rick DeLoach
|
|
Batting: RHB Larry Hamilton
|
0-0: Called Strike 0-1: Ball 1-1: Foul Ball, location: 2F 1-2: Ball 2-2: Ground out 6-3 (Groundball, 56D, EV 101.9 MPH)
|
|
Batting: RHB Leo Hernandez
|
0-0: Ball 1-0: Ball 2-0: SINGLE (Flyball, 6MD, EV 83.8 MPH)
|
|
Batting: RHB Houston Jimenez
|
0-0: Ball 1-0: Called Strike 1-1: Ball 2-1: Ball 3-1: Fly out, F9 (Line Drive, 9D, EV 100.6 MPH)
|
|
Batting: LHB John Elway
|
0-0: Called Strike 0-1: Ball Wild Pitch! Leo Hernandez to second 1-1: Ball 2-1: Ball 3-1: Base on Balls
|
|
Batting: RHB Amos Lewis
|
0-0: Fly out, F8 (Flyball, 8RD, EV 102.5 MPH)
|
| Top of the 7th over - 0 runs, 1 hit, 0 errors, 2 left on base; San Antonio 8 - El Paso 4 |
| BOTTOM OF THE 7TH |
|
El Paso Chihuahuas batting - Pitching for San Antonio Missions : RHP Françisco Chara
|
|
Batting: RHB Jesse Vann
|
0-0: Called Strike 0-1: Foul Ball, location: 2F 0-2: Foul Ball, location: 2F 0-2: Ball 1-2: Ball 2-2: Strikes out swinging
|
|
Batting: LHB Jerry Littmann
|
0-0: Ball 1-0: Ball 2-0: Called Strike 2-1: Foul Ball, location: 2F 2-2: Foul Ball, location: 2F 2-2: Ball 3-2: Strikes out swinging
|
|
Batting: RHB Bill Lyons
|
0-0: Swinging Strike 0-1: Swinging Strike 0-2: Ball 1-2: Strikes out looking
|
| Bottom of the 7th over - 0 runs, 0 hits, 0 errors, 0 left on base; San Antonio 8 - El Paso 4 |
| TOP OF THE 8TH |
|
San Antonio Missions batting - Pitching for El Paso Chihuahuas : RHP Rick DeLoach
|
|
Batting: LHB Jerold Johnston
|
0-0: Called Strike 0-1: Foul Ball, location: 2F 0-2: Foul Ball, location: 2F 0-2: Ball 1-2: Foul Ball, location: 2F 1-2: Ball 2-2: Foul Ball, location: 2F 2-2: Foul Ball, location: 2F 2-2: Foul Ball, location: 2F 2-2: SINGLE (Groundball, 4M, EV 104.4 MPH) (infield hit)
|
|
Pitching: RHP Gordon Gauntlett
|
|
|
Batting: RHB Ed Hearn
|
0-0: Ball 1-0: Ball 2-0: Ball 3-0: Called Strike 3-1: Foul Ball, location: 2F 3-2: Base on Balls Jerold Johnston to second
|
|
Batting: RHB Andrew Walker
|
0-0: Fly out, F8 (Line Drive, 8LD, EV 104.4 MPH)
|
|
Batting: LHB John D Morris
|
0-0: Called Strike 0-1: Foul Ball, location: 5F, Error on foul ball, E5 0-2: Foul Ball, location: 2F 0-2: Ball 1-2: Ball 2-2: Ball 3-2: Base on Balls Jerold Johnston to third Ed Hearn to second
|
|
Batting: RHB Larry Hamilton
|
0-0: Ball 1-0: Ball 2-0: Called Strike 2-1: Ball 3-1: Called Strike 3-2: Base on Balls Jerold Johnston scores Ed Hearn to third John D Morris to second
|
|
Batting: RHB Leo Hernandez
|
0-0: Foul Ball, location: 2F 0-1: Fly out, F8 (Flyball, 8RM, EV 86.9 MPH)
|
|
Batting: RHB Houston Jimenez
|
0-0: Ball 1-0: Ball 2-0: Ball 3-0: Foul Ball, location: 2F 3-1: Foul Ball, location: 2F 3-2: Base on Balls Ed Hearn scores John D Morris to third Larry Hamilton to second
|
|
Batting: LHB John Elway
|
0-0: Ball 1-0: Foul Ball, location: 2F 1-1: Foul Ball, location: 2F 1-2: Ball Wild Pitch! John D Morris scores Larry Hamilton to third Houston Jimenez to second 2-2: Ball 3-2: Foul Ball, location: 2F 3-2: Base on Balls
|
|
Batting: RHB Amos Lewis
|
0-0: Ball 1-0: GRAND SLAM HOME RUN (Flyball, 9LD, EV 90.6 MPH), Distance : 346 ft
|
|
Pitching: RHP Russell Burgin
|
|
|
Batting: LHB Jerold Johnston
|
0-0: Called Strike 0-1: Foul Ball, location: 2F 0-2: Foul Ball, location: 2F 0-2: Foul Ball, location: 2F 0-2: Ball 1-2: Ball 2-2: Ball 3-2: Fly out, F9 (Line Drive, 9D, EV 90.0 MPH)
|
| Top of the 8th over - 7 runs, 2 hits, 1 error, 0 left on base; San Antonio 15 - El Paso 4 |
| BOTTOM OF THE 8TH |
|
El Paso Chihuahuas batting - Pitching for San Antonio Missions : RHP Françisco Chara
|
|
Pitching: RHP Bob Davenport
|
|
|
Batting: LHB Dan Murphy
|
0-0: Foul Ball, location: 2F 0-1: Ground out 3-1 (Groundball, 34, EV 100.0 MPH)
|
|
Batting: RHB Tom Roarke
|
0-0: Ball 1-0: Foul Ball, location: 2F 1-1: Called Strike 1-2: Strikes out swinging
|
|
Batting: RHB Leo George
|
0-0: Called Strike 0-1: Ball 1-1: SINGLE (Line Drive, 8RS, EV 92.5 MPH)
|
|
Batting: RHB William Parmenter
|
0-0: Ball 1-0: Ball 2-0: Called Strike 2-1: Ball 3-1: Ground out 1-3 (Groundball, 13S, EV 70.6 MPH)
|
| Bottom of the 8th over - 0 runs, 1 hit, 0 errors, 1 left on base; San Antonio 15 - El Paso 4 |
| TOP OF THE 9TH |
|
San Antonio Missions batting - Pitching for El Paso Chihuahuas : RHP Russell Burgin
|
|
Batting: RHB Ed Hearn
|
0-0: Ball 1-0: Ball 2-0: Ground out 5-3 (Groundball, 56S, EV 69.4 MPH)
|
|
Batting: RHB Andrew Walker
|
0-0: Foul Ball, location: 2F 0-1: Ball 1-1: Ball 2-1: Foul Ball, location: 2F 2-2: Foul Ball, location: 2F 2-2: Fly out, F4 (Flyball, 34D, EV 77.5 MPH)
|
|
Batting: LHB John D Morris
|
0-0: Swinging Strike 0-1: Ball 1-1: Fly out, F8 (Flyball, 78D, EV 92.5 MPH)
|
| Top of the 9th over - 0 runs, 0 hits, 0 errors, 0 left on base; San Antonio 15 - El Paso 4 |
| BOTTOM OF THE 9TH |
|
El Paso Chihuahuas batting - Pitching for San Antonio Missions : RHP Bob Davenport
|
|
Batting: LHB Andy Van Slyke
|
0-0: Called Strike 0-1: Ball 1-1: Ball 2-1: Foul Ball, location: 2F 2-2: Strikes out swinging
|
|
Batting: RHB Julio Acevedo
|
0-0: Ball 1-0: Ball 2-0: Ball 3-0: Called Strike 3-1: Ground out 1-3 (Groundball, 13, EV 64.4 MPH)
|
|
Batting: RHB Jesse Vann
|
0-0: Called Strike 0-1: Ball 1-1: Foul Ball, location: 2F 1-2: Ball 2-2: Fly out, F7 (Line Drive, 7, EV 110.0 MPH)
|
| Bottom of the 9th over - 0 runs, 0 hits, 0 errors, 0 left on base; San Antonio 15 - El Paso 4 |
|